 Dungeon Crawl Stone Soup version 0.25-a0-443-gece2dee8bd (webtiles) character file.

Game seed: 10280067820811830849, levelgen mode: deterministic

17283 Eurus the Thaumaturge (level 12, -11/86 HPs)
             Began as a Mummy Conjurer on Jan 30, 2020.
             Was a Believer of Ashenzari.
             Mangled by Jorgrun
             ... wielding an uncursed staff of earth
              (14 damage)
             ... on level 12 of the Dungeon.
             The game lasted 01:02:03 (16771 turns).

Eurus the Thaumaturge (Mummy Conjurer)             Turns: 16771, Time: 01:02:03

Health: -11/86     AC: 12    Str: 11    XL:     12   Next: 17%
Magic:  29/36      EV:  9    Int: 20    God:    Ashenzari [**....]
Gold:   482        SH:  5    Dex: 14    Spells: 24/33 levels left

rFire    x . .     SeeInvis .   i - staff of conjuration (curse)
rCold    + . .     Gourm    .   y - +0 buckler
rNeg     + + +     Faith    .   z - +0 troll leather armour
rPois    ∞         Spirit   .   g - +0 helmet
rElec    .         Reflect  .   B - +2 cloak
rCorr    .         Harm     .   b - +0 pair of gloves
MR       +....                  l - +0 pair of boots
Stlth    ++........             n - amulet of regeneration (curse)
HPRegen  1.04/turn              q - ring of magical power (curse)
MPRegen  0.25/turn              A - +2 ring of intelligence

@: grasped by roots, constricted
A: no food or potions, fire vulnerability, cold resistance 1, negative energy
resistance 3, torment resistance, unbreathing
a: Curse Item, Scrying, Renounce Religion


You were on level 12 of the Dungeon.
You worshipped Ashenzari.
Ashenzari was pleased with you.
You were not hungry.

You visited 2 branches of the dungeon, and saw 14 of its levels.
You also visited: Ossuary.

You collected 800 gold pieces.
You spent 318 gold pieces at shops.

Inventory:

Hand Weapons
 C - the +5 quarterstaff of Moral Flaws {freeze, Str+6 Int+5}
   (You took it off a big kobold on level 11 of the Dungeon)

   It has been specially enchanted to freeze those struck by it, causing extra
   injury to most foes and up to half again as much damage against particularly
   susceptible opponents.
   It can also slow down cold-blooded creatures.
   It affects your strength (+6).
   It affects your intelligence (+5).
Armour
 b - a +0 pair of gloves (worn)
 d - the +3 ring mail "Wiasano" {Str+4 Dex+4}
   (You found it on level 12 of the Dungeon)

   It affects your strength (+4).
   It affects your dexterity (+4).
   If you switch to wearing this armour, your AC will rise 4 points (12 -> 16)
 g - a +0 helmet (worn)
 l - a +0 pair of boots (worn)
 y - a +0 buckler (worn)
 z - a +0 troll leather armour (worn)
 B - a +2 cloak (worn)
Magical Staves
 i - a cursed staff of conjuration (weapon)
Jewellery
 n - a cursed amulet of regeneration (around neck)
 q - a cursed ring of magical power (left hand)
 s - an uncursed ring of see invisible
 A - a +2 ring of intelligence (right hand)
Wands
 a - a wand of iceblast (5)
 f - a wand of polymorph (7)
 o - a wand of acid (13)
 r - a wand of paralysis (23)
 u - a wand of random effects (33)
 v - a wand of flame (39)
Scrolls
 c - 4 scrolls of remove curse
 e - 4 scrolls of identify
 h - 3 scrolls of fog
 j - 8 scrolls of teleportation
 k - 2 scrolls of amnesia
 m - 2 scrolls of summoning
 p - 3 scrolls of magic mapping
 t - 3 scrolls of enchant armour
 w - a scroll of torment
 x - 2 scrolls of blinking


   Skills:
 - Level 5.3 Fighting
 - Level 4.1 Staves
 + Level 5.5 Armour
 - Level 1.5 Dodging
 - Level 1.5 Stealth
 - Level 4.1 Shields
 + Level 11.1(13.2) Spellcasting
 + Level 10.2(11.6) Conjurations
 - Level 6.6(8.1) Translocations


You had 24 spell levels left.
You knew the following spells:

 Your Spells              Type           Power        Failure   Level  Hunger
a - Magic Dart            Conj           ####         1%          1    N/A
b - Searing Ray           Conj           ######       1%          2    N/A
c - Blink                 Tloc           N/A          1%          2    N/A
d - Iskenderun's Mystic   Conj/Tloc      ######..     1%          4    N/A

Your spell library contained the following spells:

 Spells                   Type           Power        Failure   Level  Hunger
 Conjure Flame            Conj/Fire      ######..     1%          3    N/A
 Dazzling Flash           Conj/Hex       ######       1%          3    N/A
 Mephitic Cloud           Conj/Pois/Air  #####...     3%          3    N/A
 Fulminant Prism          Conj/Hex       ######....   5%          4    N/A
 Call Imp                 Summ           ##......     9%          2    N/A
 Slow                     Hex            ##......     9%          2    N/A

Dungeon Overview and Level Annotations

Branches:
Dungeon (13/15)            Temple (1/1) D:6            Lair (0/6) D:10
    Orc (0/2) D:10        Ossuary (visited)
 Vaults: D:13-14

Altars:
Ashenzari
Cheibriados
Dithmenos
Elyvilon
Fedhas
Gozag
Hepliaklqana
Kikubaaqudgha
Makhleb
Nemelex Xobeh
Okawaru
Qazlal
Ru
Sif Muna
Trog
Uskayaw
Vehumet
Wu Jian
Xom
Yredelemnul
Zin
The Shining One
Beogh

Shops:
D:8 *[:   D:12 }

Annotations:
D:5 Dowan, Duvessa
D:8 1 runed translucent door, PeterQ's ghost, journeyman HOGl
D:10 exclusion: 2 oklob plants, Urug
D:12 Jorgrun
D:13 Frances


Innate Abilities, Weirdness & Mutations

You do not eat or drink.
Your flesh is vulnerable to fire.
You are immune to poison.
Your flesh is cold resistant. (rC+)
You are immune to negative energy. (rN+++)
You are immune to unholy pain and torment.
You can survive without breathing.


Message History

The searing ray hits Jorgrun!
Jorgrun is moderately wounded.
The grasping roots constrict you!
The searing ray hits Jorgrun!
Jorgrun is moderately wounded.
The grasping roots constrict you!
The searing ray hits Jorgrun!
Jorgrun is heavily wounded.
You finish channeling your searing ray.
Jorgrun hits you with an uncursed staff of earth.
* * * LOW HITPOINT WARNING * * *
The grasping roots constrict you!
The roots' grasp on you weakens, but your attempt to escape fails.
Jorgrun hits you but does no damage. Jorgrun crushes you.
* * * LOW HITPOINT WARNING * * *
x2 The grasping roots constrict you!
Unknown command.
The roots' grasp on you weakens, but your attempt to escape fails.
Jorgrun hits you with an uncursed staff of earth!
You die...

.............#.##.#...#####......
.............#.###.##...##.......
.#...........#.#.##[......!......
.###........##.......!...........
.##.......................#.####.
..##.#....................#....##
.....#.....#.............##.....#
#..####....###.g?........#.......
##.#####...##...@.......##...∩...
#....####.###..........###.......
#......##...##.......### ##.....#
....#.####..!...%.....######...##
.......##.....#............#'''#
.....#.....#..#...#.....##†....#
.....##....#..#...##...#########
#.....###..##...########
##....####.###...##


You could see Jorgrun.

Vanquished Creatures
  Harold (D:7)
  4 two-headed ogres
  A centaur warrior (D:13)
  Sonja (D:11)
  Pikel (D:8)
  A deep elf mage (D:13)
  An ugly thing (D:12)
  A cyclops (D:11)
  A manticore (D:12)
  Maurice (D:8)
  A gargoyle (D:12)
  A kobold demonologist (D:11)
  A komodo dragon (D:11)
  3 trolls
  4 hornets
  A hippogriff (D:11)
  4 yaks (D:11)
  A hungry ghost (D:7)
  A soldier ant (D:9)
  An acid dragon (D:12)
  2 ice beasts
  11 orc warriors
  A hornet zombie (D:11)
  6 sky beasts
  3 black bears
  A necrophage (D:12)
  4 ogres
  6 centaurs
  4 big kobolds
  4 bullfrogs
  A gnoll sergeant (D:11)
  A wyvern zombie (D:11)
  4 scorpions
  11 killer bees
  A water moccasin skeleton (D:7)
  13 wights
  6 crimson imps
  2 howler monkeys
  A quasit (D:7)
  6 hounds
  11 orc priests
  A centaur skeleton (D:12)
  2 centaur zombies
  2 jellies
  A gnoll shaman (D:8)
  3 bullfrog skeletons
  13 orc wizards
  Jessica (D:9)
  2 iguanas
  5 worker ants
  3 hound zombies
  A mummy (Ossuary)
  A worker ant zombie (D:8)
  8 gnolls
  7 adders
  A shadow imp (D:12)
  An adder skeleton (D:4)
  An adder zombie (D:2)
  4 worms
  A dart slug (D:4)
  6 leopard geckos
  62 orcs
  9 bats
  A bat zombie (D:2)
  6 giant cockroaches
  10 goblins
  13 hobgoblins
  8 kobolds
  9 quokkas
  A ball python (D:4)
  6 frilled lizards
  8 gnoll skeletons (Ossuary)
  A jackal zombie (D:6)
  8 kobold skeletons (Ossuary)
  3 leopard gecko zombies
  9 orc skeletons (Ossuary)
  7 rats
355 creatures vanquished.

Vanquished Creatures (others)
  A plant (D:10)
1 creature vanquished.

Grand Total: 356 creatures vanquished

Notes
Turn   | Place    | Note
-------+----------+-------------------------------------------
     0 | D:1      | Eurus the Mummy Conjurer began the quest for the Orb.
     0 | D:1      | Reached XP level 1. HP: 13/13 MP: 4/4
   242 | D:1      | Reached skill level 3 in Spellcasting
   261 | D:1      | Reached XP level 2. HP: 20/20 MP: 1/6
   360 | D:1      | Reached skill level 1 in Fighting
  1300 | D:2      | Reached XP level 3. HP: 24/26 MP: 7/7
  1332 | D:2      | Learned a level 2 spell: Searing Ray
  2212 | D:2      | Reached XP level 4. HP: 33/33 MP: 6/9
  2753 | D:3      | Reached skill level 4 in Spellcasting
  3004 | D:3      | Found a glowing golden altar of the Shining One.
  3946 | D:4      | Found an ancient bone altar of Kikubaaqudgha.
  3983 | D:4      | Reached XP level 5. HP: 26/39 MP: 11/11
  4050 | D:4      | Reached skill level 5 in Spellcasting
  4050 | D:4      | Reached XP level 6. HP: 40/47 MP: 1/13
  4145 | D:4      | Found a sand-covered staircase.
  4151 | Ossuary  | Entered an ossuary
  4151 | Ossuary  | Noticed a wraith
  4151 | Ossuary  | Noticed a wraith
  4151 | Ossuary  | Noticed a wraith
  4572 | Ossuary  | Noticed a wraith
  4971 | D:5      | Entered Level 5 of the Dungeon
  4972 | D:5      | Noticed Duvessa
  4972 | D:5      | Noticed Dowan
  5374 | D:5      | Found a burning altar of Makhleb.
  5380 | D:5      | Found a hide-covered altar of Uskayaw.
  5498 | D:5      | Reached XP level 7. HP: 38/54 MP: 7/15
  5815 | D:5      | Reached skill level 6 in Spellcasting
  5815 | D:5      | Reached skill level 5 in Conjurations
  7083 | D:6      | Reached skill level 5 in Fighting
  7153 | D:6      | Reached skill level 7 in Spellcasting
  7153 | D:6      | Reached XP level 8. HP: 51/62 MP: 10/18
  7268 | D:6      | Found a staircase to the Ecumenical Temple.
  7288 | D:6      | HP: 1/62 [orc warrior/+3 mace (10)]
  7465 | Temple   | Entered the Ecumenical Temple
  7691 | Temple   | Became a worshipper of Ashenzari the Shackled
  7877 | D:7      | Reached skill level 1 in Armour
  7980 | D:7      | Noticed Harold
  8127 | D:7      | Reached skill level 8 in Spellcasting
  8294 | D:7      | Found a glowing golden altar of the Shining One.
  8330 | D:7      | Reached XP level 9. HP: 68/68 MP: 21/21
  8833 | D:7      | Found a radiant altar of Vehumet.
  9023 | D:8      | Reached skill level 1 in Staves
  9062 | D:8      | Found a shimmering altar of Xom.
  9062 | D:8      | Found a basalt altar of Yredelemnul.
  9069 | D:8      | Found a snail-covered altar of Cheibriados.
  9072 | D:8      | Found a blossoming altar of Fedhas.
  9073 | D:8      | Found an iron altar of Okawaru.
  9114 | D:8      | Found Kegezo's Book Shop.
  9183 | D:8      | Bought a book of Minor Magic for 260 gold pieces
  9186 | D:8      | Learned a level 2 spell: Blink
  9198 | D:8      | Found a runed translucent door.
  9233 | D:8      | Noticed PeterQ's ghost (journeyman HOGl)
  9243 | D:8      | Found Nuostopp's Armour Shoppe.
  9243 | D:8      | Found a white marble altar of Elyvilon.
  9254 | D:8      | Bought a +0 buckler for 58 gold pieces
  9265 | D:8      | Reached skill level 9 in Spellcasting
  9372 | D:8      | Noticed Maurice
  9441 | D:7      | Killed Harold
  9441 | D:7      | Reached skill level 1 in Translocations
  9551 | D:8      | Noticed a troll
  9558 | D:8      | Found Qechur's General Store.
  9560 | D:8      | Noticed Pikel
  9600 | D:8      | Killed Pikel
  9614 | D:8      | Killed a troll
  9614 | D:8      | Reached XP level 10. HP: 74/74 MP: 23/23
 10017 | D:9      | Learned a level 4 spell: Iskenderun's Mystic Blast
 10051 | D:9      | Identified the amulet of the Five Yaks {Gourm rN+ MR- SInv}
 10458 | D:9      | Reached * piety under Ashenzari
 10655 | D:9      | Found a bloodstained altar of Trog.
 10843 | D:9      | Noticed Jessica
 10846 | D:9      | Killed Jessica
 10853 | D:9      | Found a shimmering blue altar of Sif Muna.
 11079 | D:8      | Killed Maurice
 11296 | D:10     | Entered Level 10 of the Dungeon
 11364 | D:10     | Reached skill level 10 in Spellcasting
 11476 | D:10     | Noticed Urug
 11760 | D:10     | Found a roughly hewn altar of Beogh.
 12341 | D:10     | Found a staircase to the Lair.
 12346 | D:10     | Noticed an oklob plant
 12346 | D:10     | Noticed an oklob plant
 12533 | D:9      | Reached XP level 11. HP: 76/80 MP: 21/25
 12645 | D:10     | Found a staircase to the Orcish Mines.
 13444 | D:11     | Reached skill level 5 in Translocations
 13824 | D:11     | Reached ** piety under Ashenzari
 13826 | D:11     | Identified the +5 quarterstaff of Moral Flaws {freeze,
                  | Str+6 Int+5}
 13866 | D:11     | Noticed Sonja
 14154 | D:11     | Noticed a two-headed ogre
 14164 | D:11     | Killed a two-headed ogre
 14564 | D:11     | Noticed a two-headed ogre
 14627 | D:11     | Killed a two-headed ogre
 15246 | D:12     | Noticed a two-headed ogre
 15307 | D:12     | Killed a two-headed ogre
 15401 | D:12     | Found Afij's Gadget Emporium.
 15401 | D:12     | Noticed Jorgrun
 15401 | D:12     | Noticed a brown ugly thing
 15436 | D:11     | Killed Sonja
 15728 | D:12     | Killed a brown ugly thing
 15876 | D:12     | Reached skill level 10 in Conjurations
 15884 | D:12     | Noticed a two-headed ogre
 15891 | D:12     | Killed a two-headed ogre
 15891 | D:12     | Reached skill level 5 in Armour
 15891 | D:12     | Reached XP level 12. HP: 81/86 MP: 24/26
 15970 | D:12     | Got the uncursed ring mail "Wiasano" {Str+4 Dex+4}
 16511 | D:13     | Reached skill level 11 in Spellcasting
 16546 | D:13     | Noticed a centaur warrior
 16560 | D:13     | Killed a centaur warrior
 16632 | D:13     | Noticed Frances
 16770 | D:12     | HP: 2/86 [Jorgrun/uncursed staff of earth (8)]
 16771 | D:12     | Mangled by Jorgrun

Levels and vault maps discovered:
D:1:      dpeg_arrival_short_road, layout_basic
D:2:      layout_loops_corners, first_ration, serial_undead, serial_undead_f,
          serial_undead_c, serial_undead_e, serial_undead_e
D:3:      layout_loops_ring, lemuel_crystal_altar, minivault_19
D:4:      layout_basic, nicolae_overflow_crystal_walls,
          lightli_ossuary_entry_decrepit_ruins
D:5:      layout_basic, grunt_temple_overflow_open, uniq_duvessa
D:6:      layout_basic, minmay_temple_entry_junction, palyth_stone_intersect
D:7:      layout_rooms, marbit_many_paths, basic_altar, minmay_circle_x,
          uniq_harold
D:8:      layout_cave_pools, lemuel_crystal_altar, minitemple, serial_shops,
          shop, nicolae_shop_temple_entry_statues_fountains, shop_coins,
          ebering_ghost_reflecting_pool, uniq_pikel, uniq_maurice
D:9:      layout_irregular_city, kennysheep_mini, tgw_sif,
          chequers_serial_rivers_room_a
D:10:     layout_cave_pools, dpeg_oklobed_lair, david_orc_5,
          hangedman_pestilent_swarm, corexii_corridor_pit, uniq_urug
D:11:     layout_basic, uniq_sonja
D:12:     layout_cave_pools, kennysheep_windowed_goal, uniq_jorgrun
D:13:     layout_loops_corners, david_vaults_1, gammafunk_ghost_grave,
          uniq_frances
Temple:   jpeg_temple_island

Skill      XL: |  1  2  3  4  5  6  7  8  9 10 11 12 |
---------------+-------------------------------------+-----
Spellcasting   | 3 4 5 7 8 9 10 11 | 11.1
Fighting       | 1 2 3 4 5 |  5.3
Conjurations   | 4 5 6 7 8 10 | 10.2
Armour         | 2 3 5 |  5.5
Staves         | 2 4 |  4.1
Shields        | 3 4 |  4.1
Translocations | 2 4 6 |  6.6
Dodging        | |  1.5
Stealth        | |  1.5

Action                   |  1- 3 |  4- 6 |  7- 9 | 10-12 || total
-------------------------+-------+-------+-------+-------++-------
Melee: Unarmed           |    18 |       |       |       ||    18
       Dagger            |    88 |   324 |    50 |       ||   462
       Staff             |       |       |    39 |    21 ||    60
 Cast: Magic Dart        |    61 |    30 |    90 |   258 ||   439
       Searing Ray       |     2 |    10 |    49 |   123 ||   184
       Blink             |       |       |       |     7 ||     7
Invok: Curse Item        |       |       |     3 |       ||     3
  Use: Scroll            |       |     8 |     1 |     6 ||    15
 Stab: Sleeping          |     1 |     3 |       |       ||     4
Armor: Robe              |    26 |    74 |    52 |       ||   152
       Troll leather arm |       |       |       |    77 ||    77
Dodge: Dodged            |    70 |   145 |   101 |   124 ||   440
Block: Buckler           |       |       |       |    51 ||    51

Table legend:
 A = Non-vault XP
 B = Vault XP
 C = Vault XP percentage of total XP
 D = Non-vault monster count
 E = Vault monster count
 F = Vault count percentage of total count
                 A         B        C        D         E       F
            +---------+---------+-------+---------+---------+-------
      Total |   19352 |    5339 |  21.6 |     283 |      72 |  20.3
            +---------+---------+-------+---------+---------+-------
        D:1 |      36 |       0 |   0.0 |      19 |       0 |   0.0
        D:2 |      70 |       8 |  10.3 |      25 |       3 |  10.7
        D:3 |      44 |       0 |   0.0 |      17 |       0 |   0.0
        D:4 |     397 |       0 |   0.0 |      19 |       0 |   0.0
        D:5 |     390 |       0 |   0.0 |      22 |       0 |   0.0
        D:6 |     868 |       0 |   0.0 |      22 |       0 |   0.0
        D:7 |     764 |    1384 |  64.4 |      12 |       8 |  40.0
        D:8 |    1078 |    1148 |  51.6 |      22 |       2 |   8.3
        D:9 |    1734 |     194 |  10.1 |      35 |       2 |   5.4
       D:10 |    1805 |    1279 |  41.5 |      18 |      26 |  59.1
       D:11 |    6260 |     788 |  11.2 |      50 |       1 |   2.0
       D:12 |    4070 |     191 |   4.5 |      16 |       3 |  15.8
       D:13 |    1836 |     301 |  14.1 |       6 |       1 |  14.3
    Ossuary |       0 |      46 | 100.0 |       0 |      26 | 100.0
            +---------+---------+-------+---------+---------+-------
